 Dungeon Crawl Stone Soup version 0.29-a0-474-gdfe5cd140f (webtiles) character file.

Game seed: 2934906930361658051

4 xian the Conjurer (level 1, -1/14 HPs)
             Began as a Draconian Conjurer on May 24, 2022.
             Frozen to death by an endoplasm (2 damage)
             ... on level 1 of the Dungeon.
             The game lasted 00:00:33 (310 turns).

xian the Conjurer (Draconian Conjurer)               Turns: 310, Time: 00:00:34

Health: -1/14      AC:  4    Str:  9    XL:     1   Next: 50%
Magic:  0/3        EV: 12    Int: 18    God:
Gold:   7          SH:  0    Dex:  9    Spells: 3/4 levels left

rFire   . . .      SeeInvis .   d - +0 short sword
rCold   . . .      Faith    .   (no shield)
rNeg    . . .      Spirit   .   (body armour unavailable)
rPois   .          Reflect  .   (helmet restricted)
rElec   .          Harm     .   (no cloak)
rCorr   .          Rampage  .   (no gloves)
Will    .....                   (no boots)
Stlth   ++........              (no amulet)
HPRegen 0.04/turn               (no ring)
MPRegen 0.08/turn               (no ring)

@: slowed, very slow
A: AC +4, unfitting armour, cold-blooded
a: no special abilities


You were on level 1 of the Dungeon.
You visited 1 branch of the dungeon, and saw 1 of its levels.

You collected 7 gold pieces.

Inventory:

Hand Weapons
 d - a +0 short sword (weapon)
Scrolls
 b - 2 scrolls of teleportation {unknown}
Potions
 a - a potion of magic
 c - a potion of degeneration {unknown}


   Skills:
 + Level 1.8 Dodging
 + Level 1.8 Stealth
 + Level 2.0 Spellcasting
 + Level 4.1 Conjurations


You had 3 spell levels left.
You knew the following spells:

 Your Spells              Type           Power      Damage    Failure   Level
a - Magic Dart            Conj           64%        1d6       3%          1

Your spell library contained the following spells:

 Spells                   Type           Power      Damage    Failure   Level
 Searing Ray              Conj           32%        2d5       4%          2
 Dazzling Flash           Conj/Hex       18%        N/A       22%         3
 Fulminant Prism          Conj/Hex       4%         3d6       58%         4
 Iskenderun's Mystic Bla  Conj/Tloc      9%         2d4       58%         4


Dungeon Overview and Level Annotations

Branches:
Dungeon (1/15)

Altars:


Innate Abilities, Weirdness & Mutations

Your plain brown scales are hard. (AC +4)
You cannot fit into any form of body armour.
You are cold-blooded and may be slowed by cold attacks.


Message History

Found a stone staircase leading down.
The bat hits you but does no damage.
An endoplasm comes into view.
The bat hits you but does no damage.
You are too depleted to draw on your mana recklessly!
You are too depleted to draw on your mana recklessly!
The bat hits you but does no damage. x2
Found 2 coppery potions.
The bat closely misses you.
Your magical contamination has completely faded away.
You hit the bat.
You tail-slap the bat, but do no damage.
The bat is severely wounded.
The bat closely misses you. The bat misses you.
The bat attacks as you move away! The bat hits you but does no damage.
The endoplasm quivers.
The bat barely misses you. x2
An endoplasm comes into view.
The endoplasm quivers.
The magic dart hits the bat.
You kill the bat!
The endoplasm attacks as you move away!
The endoplasm hits you but does no damage.
You see here a bat corpse.
The endoplasm attacks as you move away! The endoplasm closely misses you.
You barely miss the endoplasm. The endoplasm freezes you.
You are frozen.
You feel yourself slow down.
You hit the endoplasm but do no damage. The endoplasm barely misses you.
The endoplasm freezes you.
You are frozen.
You feel as though you will be slow longer.
You hit the endoplasm.
The endoplasm is heavily wounded.
The endoplasm hits you.
* * * LOW HITPOINT WARNING * * *
The endoplasm barely misses you. The endoplasm hits you.
* * * LOW HITPOINT WARNING * * *
The endoplasm freezes you.
You are frozen.
You die...

..#>..##. #..[...#
....... #.##..## ....#
#....## #...# #...##
#...# #....## #†..#
#.#..[## #...# ##......#
#JJ.# #........
.####@..######.......#
...........(...........#
.............[....#.#...
..................#.#..#
##.##.#....#####..#.#..#
!. #.#....# #........ #
#.#....# #.......#
#.#....# ####.####
#..... #.#


You could see 2 endoplasms.

Vanquished Creatures
  An endoplasm (D:1)
  2 bats (D:1)
  A rat (D:1)
4 creatures vanquished.

Notes
Turn   | Place    | Note
-------+----------+-------------------------------------------
     0 | D:1      | xian the Draconian Conjurer began the quest for the Orb.
     0 | D:1      | Reached XP level 1. HP: 14/14 MP: 3/3
   310 | D:1      | Frozen to death by an endoplasm

Illustrated notes

Levels and vault maps discovered:
D:1:      lightli_arrival_maybe_door_vault, layout_loops_cross

Action                   || total
-------------------------++-------
Melee: Short sword       ||     6
       Tailslap          ||     1
 Cast: Magic Dart        ||     9
Armor: Skin              ||     9
Dodge: Dodged            ||    10

Table legend: (Time is in decaauts)
 A = Elapsed time spent in this place.
 B = Non-inter-level travel time spent in this place.
 C = Inter-level travel time spent in this place.
 D = Time resting spent in this place.
 E = Time spent auto-exploring this place.
 F = Levels seen in this place.
 G = Mean time per level.
                   A        B        C        D        E       F      G
               +--------+--------+--------+--------+--------+-----+--------+
         Total |    310 |    310 |      0 |      0 |    261 |   1 |  310.0 |
       Dungeon |    310 |    310 |      0 |      0 |    261 |   1 |  310.0 |
               +--------+--------+--------+--------+--------+-----+--------+

Top non-repeatable levels by time:
     D:1: 310 daAuts
